 Dungeon Crawl Stone Soup version 0.22-a0-587-g7d32d7c (webtiles) character file.

991 gmonis the Basher (level 7, -1/57 HPs)
             Began as a Minotaur Berserker on July 4, 2018.
             Was an Elder of Trog.
             Slain by Prince Ribbit (16 damage)
             ... while paralysed
             ... on level 5 of the Dungeon.
             The game lasted 00:09:56 (6058 turns).

gmonis the Basher (Minotaur Berserker)              Turns: 6058, Time: 00:09:56

Health: -1/57      AC:  8    Str: 21    XL:     7   Next: 98%
Magic:  6/6        EV:  2    Int:  4    God:    Trog [****..]
Gold:   329        SH:  0    Dex: 12    Spells: 6/6 levels left

rFire    + . .     SeeInvis .   a - +0 mace
rCold    . . .     Gourm    .   (no shield)
rNeg     . . .     Faith    .   o - +1 ring mail {rF+}
rPois    .         Spirit   .   (helmet restricted)
rElec    .         Reflect  +   (no cloak)
rCorr    .         Harm     .   j - +0 pair of gloves
MR       ++...                  (no boots)
Stlth    +.........             q - +2 amulet of reflection
HPRegen  1.19/turn              (no ring)
MPRegen  0.10/turn              (no ring)

@: paralysed, berserk cooldown, starving, regenerating, slowed
A: retaliatory headbutt, horns 2
a: Berserk, Trog's Hand, Brothers in Arms, Renounce Religion


You were on level 5 of the Dungeon.
You worshipped Trog.
Trog was greatly pleased with you.
You were starving.

You visited 1 branch of the dungeon, and saw 5 of its levels.

You collected 329 gold pieces.

Inventory:

Hand Weapons
 a - a +0 mace (weapon)
Missiles
 g - 508 stones (quivered)
Armour
 b - a +0 animal skin
 j - a +0 pair of gloves (worn)
 o - a +1 ring mail of fire resistance (worn)
Jewellery
 q - a +2 amulet of reflection (around neck)
Wands
 s - a wand of random effects (37)
 t - a wand of clouds (8)
Scrolls
 e - a scroll of enchant armour {unknown}
 l - a scroll of magic mapping {unknown}
 n - 5 scrolls of remove curse
 p - a scroll of blinking {unknown}
 v - a scroll of teleportation {unknown}
Potions
 d - a potion of ambrosia {unknown}
 f - 2 potions of haste
 h - 2 potions of flight
 i - 2 potions of brilliance
 k - 2 potions of degeneration {unknown}
 m - 3 potions of lignification
 r - 2 potions of agility {unknown}
 u - a potion of curing {unknown}
Comestibles
 c - 11 rations


   Skills:
 - Level 3.6 Fighting
 * Level 10.0 Maces & Flails
 + Level 6.3 Armour
 - Level 2.1 Dodging


You had 6 spell levels left.
You didn't know any spells.
Your spell library was empty.

Dungeon Overview and Level Annotations

Branches:
Dungeon (5/15)
 Temple: D:4-7

Altars:
Ashenzari
Cheibriados
Elyvilon
Fedhas
Nemelex Xobeh
Okawaru
Trog
The Shining One

Shops:
D:5 }

Annotations:
D:5 Prince Ribbit


Innate Abilities, Weirdness & Mutations

You reflexively headbutt those who attack you in melee.
You have a pair of horns on your head.


Message History

Prince Ribbit blinks!
Prince Ribbit disappears!
You start resting.
Prince Ribbit is too close now for your liking.
Your skin crawls.
You feel resistant to hostile enchantments.
You feel somewhat more hungry.
A red film seems to cover your vision as you go berserk!
You feel yourself moving faster!
You feel mighty!
You are starving!
Prince Ribbit blinks!
You feel a strong urge to attack something.
You feel your anger nearly subside.
You are no longer berserk.
You pass out from exhaustion.
You feel yourself slow down. Prince Ribbit hits you.
* * * LOW HITPOINT WARNING * * *
Prince Ribbit hits you but does no damage.
Prince Ribbit hits you!
You die...

############
####..........###################
..........##.#.#.................
####.####.#.###..################
.....# #..## ##..........# ######
###.###.@#........#
######.#.#F#...#'#..#
#..........#...+∩+..#
#.#####.####...#'#..##### #.#
##.## #............# #.#
#..[###.......####.# #.#
#........###### #.# #######.##
#.(.###.## #.# .........# #####
#.# #.###


You could see Prince Ribbit.

Vanquished Creatures
  An ice beast (D:5)
  A centaur (D:5)
  2 big kobolds (D:4)
  A scorpion (D:4)
  2 hounds
  5 orc wizards
  An iguana (D:5)
  3 worker ants
  A killer bee zombie (D:5)
  11 gnolls
  5 adders
  An ooze (D:1)
  A worm (D:2)
  2 dart slugs (D:2)
  4 leopard geckos
  15 orcs
  6 bats
  5 giant cockroaches
  31 goblins
  28 hobgoblins
  6 jackals
  A quokka (D:3)
  2 frilled lizards (D:3)
  A jackal skeleton (D:5)
  10 kobolds
  A leopard gecko skeleton (D:5)
  8 rats
155 creatures vanquished.

Notes
Turn   | Place    | Note
-------+----------+-------------------------------------------
     0 | D:1      | gmonis the Minotaur Berserker began the quest for the Orb.
     0 | D:1      | Reached XP level 1. HP: 19/19 MP: 0/0
    42 | D:1      | Reached skill level 4 in Maces & Flails
    42 | D:1      | Reached XP level 2. HP: 7/26 MP: 1/1
   742 | D:1      | Reached skill level 5 in Maces & Flails
  1332 | D:2      | Reached XP level 3. HP: 29/31 MP: 2/2
  1368 | D:2      | Found a sparkling altar of Nemelex Xobeh.
  1497 | D:2      | Found a snail-covered altar of Cheibriados.
  1515 | D:2      | Reached XP level 4. HP: 34/39 MP: 3/3
  1712 | D:2      | Reached skill level 6 in Maces & Flails
  1969 | D:2      | Found a glowing golden altar of the Shining One.
  2251 | D:3      | Reached ** piety under Trog
  2264 | D:3      | Reached XP level 5. HP: 38/45 MP: 4/4
  2534 | D:3      | Reached skill level 7 in Maces & Flails
  2727 | D:3      | Found a white marble altar of Elyvilon.
  2860 | D:3      | Reached XP level 6. HP: 49/51 MP: 5/5
  3018 | D:3      | Found a bloodstained altar of Trog.
  3171 | D:3      | Found a shattered altar of Ashenzari.
  3340 | D:4      | Found an iron altar of Okawaru.
  3459 | D:4      | Reached *** piety under Trog
  3546 | D:4      | Found a blossoming altar of Fedhas.
  3688 | D:4      | Reached skill level 8 in Maces & Flails
  4158 | D:4      | Reached skill level 5 in Armour
  4175 | D:4      | Reached XP level 7. HP: 32/57 MP: 6/6
  4175 | D:4      | Reached **** piety under Trog
  4541 | D:4      | Reached skill level 9 in Maces & Flails
  4935 | D:5      | Entered Level 5 of the Dungeon
  4956 | D:5      | Found Gamoqu's Gadget Boutique.
  5956 | D:5      | Reached skill level 10 in Maces & Flails
  6017 | D:5      | Noticed Prince Ribbit
  6058 | D:5      | Slain by Prince Ribbit

Vault maps used:
D:1:      elethiomel_arrival_infinity_welcomes_careful_drivers,
          serial_bayou_ford_a
D:2:      overflow_temple_1_default, kennysheep_slug_shrine, first_ration,
          nicolae_tso_swordbearing_angel
D:3:      lemuel_coloured_pillars_altar, lemuel_round_altar, old_standard_altar,
          hangedman_decor_points
D:4:      minmay_goblin_kobold_castle, okawaru_altar_gauntlet_db,
          lemuel_tele_altar
D:5:      makhleb_grotto_becter, serial_shops, kennysheep_mini_moat,
          uniq_prince_ribbit1, uniq_grinder

Skill      XL: |  1  2  3  4  5  6  7 |
---------------+----------------------+-----
Maces & Flails | 4 5 6 7 8 10 | 10.0
Armour         | 3 4 5 6 |  6.3
Fighting       | |  3.6
Dodging        | |  2.1

Action                   |  1- 3 |  4- 6 |  7- 9 || total
-------------------------+-------+-------+-------++-------
Melee: Mace              |    53 |   233 |    98 ||   384
       Headbutt          |     6 |    39 |    15 ||    60
Invok: Berserk           |       |     3 |     1 ||     4
       Trog's Hand       |       |       |     1 ||     1
  Use: Scroll            |       |       |     5 ||     5
  Eat: Chunk             |     2 |    11 |     2 ||    15
       Ration            |       |       |     1 ||     1
Armor: Ring mail         |    16 |    96 |    25 ||   137
       Animal skin       |     3 |       |       ||     3
Dodge: Dodged            |    37 |   133 |    52 ||   222
Block: Other             |       |       |     8 ||     8
       Reflection        |       |       |     1 ||     1

Table legend:
 A = Spawn XP
 B = Non-spawn XP
 C = Spawn XP percentage of total XP
 D = Spawn monster count
 E = Non-spawn monster count
 F = Spawn count percentage of total count
 G = Total turns spent on level
                    A         B        C        D         E        F      G
               +---------+---------+-------+---------+---------+-------+---------
         Total |       0 |    1416 |   0.0 |       0 |     155 |   0.0 |  6058
               +---------+---------+-------+---------+---------+-------+---------
           D:1 |       0 |      35 |   0.0 |       0 |      12 |   0.0 |  1316
           D:2 |       0 |     106 |   0.0 |       0 |      23 |   0.0 |   931
           D:3 |       0 |     243 |   0.0 |       0 |      37 |   0.0 |  1038
           D:4 |       0 |     583 |   0.0 |       0 |      69 |   0.0 |  1899
           D:5 |       0 |     449 |   0.0 |       0 |      14 |   0.0 |   874
               +---------+---------+-------+---------+---------+-------+---------
